 Dungeon Crawl Stone Soup version 0.29-a0-283-ga02f740833 (webtiles) character file.

Game seed: 243143272487802142

28 Dabor the Shield-Bearer (level 3, 0/23 HPs)
             Began as a Gargoyle Fighter on Mar 13, 2022.
             Slain by a hobgoblin (6 damage)
             ... led by Robin
             ... on level 3 of the Dungeon.
             The game lasted 00:01:16 (1108 turns).

Dabor the Shield-Bearer (Gargoyle Fighter)          Turns: 1108, Time: 00:01:17

Health: 0/23       AC: 11    Str: 21    XL:     3   Next: 12%
Magic:  3/3        EV:  9    Int:  8    God:
Gold:   68         SH:  4    Dex:  9    Spells: 2/2 levels left

rFire   . . .      SeeInvis .   a - +0 flail
rCold   . . .      Faith    .   c - +0 buckler
rNeg    + . .      Spirit   .   b - +0 scale mail
rPois   ∞          Reflect  .   j - +0 helmet
rElec   +          Harm     .   (no cloak)
rCorr   .          Rampage  .   (no gloves)
Will    .....                   (no boots)
Stlth   ..........              (no amulet)
HPRegen 0.07/turn               (no ring)
MPRegen 0.08/turn               (no ring)

@: mighty, invisible
A: sickness immunity, AC +3, negative energy resistance 1, electricity
resistance, torment resistance 1, petrification resistance
a: no special abilities


You were on level 3 of the Dungeon.
You visited 1 branch of the dungeon, and saw 3 of its levels.

You collected 68 gold pieces.

Inventory:

Hand Weapons
 a - a +0 flail (weapon)
Armour
 b - a +0 scale mail (worn)
 c - a +0 buckler (worn)
 j - a +0 helmet (worn)
Scrolls
 e - a scroll of noise {unknown}
 f - a scroll of identify {unknown}
 g - a scroll of enchant armour {unknown}
 i - 2 scrolls of torment {unknown}


   Skills:
 + Level 3.6 Fighting
 + Level 2.4 Maces & Flails
 + Level 3.6 Armour
 + Level 3.6 Shields


You had 2 spell levels left.
You didn't know any spells.
Your spell library was empty.

Dungeon Overview and Level Annotations

Branches:
Dungeon (3/15)

Altars:

Annotations:
D:3 Robin


Innate Abilities, Weirdness & Mutations

You are immune to sickness and miasma.
Your stone body is resilient. (AC +3)
You are immune to poison.
You resist negative energy. (rN+)
You are resistant to electric shocks. (rElec)
You are resistant to unholy torment.
You are immune to petrification.


Message History

The hobgoblin hits you but does no damage.
You hit the hobgoblin.
The hobgoblin is severely wounded.
You block the hobgoblin's attack. The goblin closely misses you.
You barely miss the hobgoblin.
The hobgoblin is heavily wounded.
The hobgoblin no longer looks unusually strong.
The hobgoblin hits you. The goblin hits you with a +0 club.
You are too injured to fight recklessly!
You are too injured to fight recklessly!
You are too injured to fight recklessly!
You are too injured to fight recklessly!
You are too injured to fight recklessly!
You are too injured to fight recklessly!
You are too injured to fight recklessly!
You are too injured to fight recklessly!
You are too injured to fight recklessly!
You are too injured to fight recklessly!
You are too injured to fight recklessly!
You are too injured to fight recklessly!
You are too injured to fight recklessly!
You are too injured to fight recklessly!
You are too injured to fight recklessly!
You are too injured to fight recklessly!
It was a potion of invisibility.
You fade into invisibility!
The goblin no longer looks unusually strong.
The hobgoblin closely misses you.
Robin roars a battlecry!
The goblins go into a battle-frenzy!
The goblin closely misses you.
You feel very mighty all of a sudden.
The hobgoblin no longer looks unusually strong.
The hobgoblin misses you. The goblin hits you but does no damage.
You closely miss the goblin.
The hobgoblin no longer looks unusually strong.
The hobgoblin closely misses you. The goblin hits you with a +0 club.
* * * LOW HITPOINT WARNING * * *
The goblin barely misses you. The hobgoblin hits you.
You die... ... ... ggg #g# ############ gg#

#.<...†.....
#g#
#.##########
#g# #.# #@# #.#
##.###g#####.#
#?...?.......#
....###.#######
.# #.# #.# ..#
#.# #.#


You could see Robin (can't see you), 4 hobgoblins and 4 goblins.

Vanquished Creatures
  An adder (D:2)
  3 ball pythons (D:2)
  2 bats
  A giant cockroach (D:2)
  4 hobgoblins
  A kobold (D:2)
  A frilled lizard (D:2)
  3 goblins
  2 rats (D:2)
18 creatures vanquished.

Notes
Turn   | Place    | Note
-------+----------+-------------------------------------------
     0 | D:1      | Dabor the Gargoyle Fighter began the quest for the Orb.
     0 | D:1      | Reached XP level 1. HP: 14/14 MP: 1/1
    79 | D:1      | You fall into a shaft and drop 1 floor!
   493 | D:2      | Reached XP level 2. HP: 14/19 MP: 2/2
  1094 | D:3      | Noticed Robin
  1098 | D:3      | Reached XP level 3. HP: 18/23 MP: 3/3
  1108 | D:3      | Slain by a hobgoblin

Illustrated notes

Levels and vault maps discovered:
D:1:      mrwooster_arrival_statue, layout_loops_corners, basic_ecumenical_altar
D:2:      layout_basic, minmay_misc_feat_pillars, grunt_ministairs_6,
          kennysheep_generic_room_12
D:3:      layout_loops_ring, uniq_robin

Action                   || total
-------------------------++-------
Melee: Flail             ||    57
  Use: Potion            ||     2
Armor: Scale mail        ||    43
Dodge: Dodged            ||    37
Block: Buckler           ||    19

Table legend: (Time is in decaauts)
 A = Elapsed time spent in this place.
 B = Non-inter-level travel time spent in this place.
 C = Inter-level travel time spent in this place.
 D = Time resting spent in this place.
 E = Time spent auto-exploring this place.
 F = Levels seen in this place.
 G = Mean time per level.
                   A        B        C        D        E       F      G
               +--------+--------+--------+--------+--------+-----+--------+
         Total |   1125 |   1056 |     69 |      0 |    851 |   3 |  375.0 |
       Dungeon |   1125 |   1056 |     69 |      0 |    851 |   3 |  375.0 |
               +--------+--------+--------+--------+--------+-----+--------+

Top non-repeatable levels by time:
     D:2: 1009 daAuts
     D:1: 79 daAuts
     D:3: 36 daAuts
